 Dungeon Crawl Stone Soup version 0.21-a0-476-gd103f4b (webtiles) character file.

69 tof the Slasher (level 4, 0/35 HPs)
             Began as a Demonspawn Berserker on Nov 22, 2017.
             Was a Believer of Trog.
             Succumbed to Sigmund's poison
             ... on level 2 of the Dungeon.
             The game lasted 00:01:27 (1240 turns).

tof the Slasher (Demonspawn Berserker)              Turns: 1240, Time: 00:01:28

Health: 0/35       AC:  7    Str: 18    XL:     4   Next: 2%
Magic:  4/4        EV: 11    Int:  8    God:    Trog [**....]
Gold:   60         SH:  0    Dex: 13    Spells: 3/3 levels left

rFire    . . .     SeeInvis .   a - +0 falchion
rCold    . . .     Gourm    .   (no shield)
rNeg     . . .     Faith    .   g - +0 ring mail
rPois    .         Spirit   .   (no helmet)
rElec    .         Reflect  .   (no cloak)
rCorr    .         Harm     .   (no gloves)
MR       .....                  (no boots)
Stlth    +.........             (no amulet)
HPRegen  0.11/turn              (no ring)
MPRegen  0.09/turn              (no ring)

@: lethally poisoned (0 -> -18)
A: icy blue scales 1
a: Berserk, Trog's Hand, Burn Spellbooks, Renounce Religion


You were on level 2 of the Dungeon.
You worshipped Trog.
Trog was pleased with you.
You were not hungry.

You visited 1 branch of the dungeon, and saw 2 of its levels.

You collected 60 gold pieces.

Inventory:

Hand Weapons
 a - a +0 falchion (weapon)
Armour
 g - a +0 ring mail (worn)
Scrolls
 b - 2 scrolls of teleportation {unknown}
 d - a scroll of blinking {unknown}
 f - 2 scrolls of identify {unknown}
 m - a scroll of remove curse {unknown}
Potions
 e - a potion of heal wounds {unknown}
 h - a potion of might {unknown}
 i - a potion of magic {unknown}
 j - a potion of curing {unknown}
 k - a potion of flight {unknown}
 l - 2 potions of invisibility {unknown}
Comestibles
 c - a bread ration


   Skills:
 + Level 3.4 Fighting
 * Level 3.5 Long Blades
 + Level 2.3 Armour
 + Level 2.3 Dodging


You had 3 spell levels left.
You didn't know any spells.

Dungeon Overview and Level Annotations

Branches:
Dungeon (2/15)

Altars:
Ru

Annotations:
D:2 Sigmund


Innate Abilities, Weirdness & Mutations

You are partially covered in icy blue scales. (AC +2)


Message History

The jackal bites you but does no damage. x2
A bat comes into view.
You closely miss the jackal. Something hits you!
You are poisoned.
The jackal bites you but does no damage.
You closely miss the jackal.
You feel sick. The bat hits you but does no damage. The jackal misses you.
Something hits you!
* * * LOW HITPOINT WARNING * * *
You are more poisoned.
The jackal closely misses you.
* * * LOW HITPOINT WARNING * * *
You feel sick. The jackal closely misses you.
You riposte.
You hit the jackal but do no damage.
* * * LOW HITPOINT WARNING * * *
You feel sick. The bat hits you but does no damage. The jackal bites you.
* * * LOW HITPOINT WARNING * * *
The jackal bites you but does no damage.
* * * LOW HITPOINT WARNING * * *
You feel sick. The bat hits you but does no damage.
You die...

#..# # #.......# ... .#
#.#.#.....##.... .#
....#........... .# #
............... .##.##....
#..!.###.... ..........
#...h......! .##.#......
#..†b###....
.##.........#....# #..###.#
.......##.......@###......
.##....<#.<.................
.##...(.#.######.###.#.....
.....................#.# .#
.##.#...#..............##.#
..........................###.
......>.#.....................
.##.###.#.##..............##
.##.# #.#.###.##.#####(...#


You could see a jackal and a bat.

Vanquished Creatures
  2 adders (D:2)
  2 worms (D:2)
  A dart slug (D:1)
  A leopard gecko (D:2)
  7 bats
  A giant cockroach (D:1)
  A hobgoblin (D:2)
  7 jackals
  7 kobolds
  4 frilled lizards (D:2)
  2 goblins (D:1)
  5 rats
40 creatures vanquished.

Notes
Turn   | Place    | Note
-------+----------+-------------------------------------------
     0 | D:1      | tof the Demonspawn Berserker began the quest for the Orb.
     0 | D:1      | Reached XP level 1. HP: 18/18 MP: 1/1
   106 | D:1      | Gained mutation: You are partially covered in icy blue scales. (AC +2) [demonic ancestry]
   106 | D:1      | Reached XP level 2. HP: 11/24 MP: 2/2
   498 | D:1      | Reached ** piety under Trog
   702 | D:2      | Reached XP level 3. HP: 29/29 MP: 3/3
  1164 | D:2      | Found a sacrificial altar of Ru.
  1228 | D:2      | Reached XP level 4. HP: 34/35 MP: 4/4
  1229 | D:2      | Noticed Sigmund
  1239 | D:2      | HP: 1/35 [poisoned by Sigmund]
  1240 | D:2      | Succumbed to Sigmund's poison

Vault maps used:
D:1:      zaba_arrival_water
D:2:      lemuel_doored_altar, kennysheep_generic_room_4, uniq_sigmund

Skill      XL: |  1  2 |
---------------+-------+-----
Armour         | 2 |  2.3
Long Blades    | 3 |  3.5
Dodging        | 2 |  2.3
Fighting       | |  3.4

Action                   |  1- 3 |  4- 6 || total
-------------------------+-------+-------++-------
Melee: Falchion          |   110 |     7 ||   117
 Stab: Sleeping          |     1 |       ||     1
  Eat: Chunk             |     1 |       ||     1
Armor: Animal skin       |    15 |       ||    15
       Ring mail         |    43 |     8 ||    51
Dodge: Dodged            |   102 |    10 ||   112
       Rpst.: Falchion   |    34 |     4 ||    38

Table legend:
 A = Spawn XP
 B = Non-spawn XP
 C = Spawn XP percentage of total XP
 D = Spawn monster count
 E = Non-spawn monster count
 F = Spawn count percentage of total count
 G = Total turns spent on level
                    A         B        C        D         E        F      G
               +---------+---------+-------+---------+---------+-------+---------
         Total |       0 |      99 |   0.0 |       0 |      40 |   0.0 |  1240
               +---------+---------+-------+---------+---------+-------+---------
           D:1 |       0 |      39 |   0.0 |       0 |      22 |   0.0 |   681
           D:2 |       0 |      60 |   0.0 |       0 |      18 |   0.0 |   559
               +---------+---------+-------+---------+---------+-------+---------
